 Dungeon Crawl Stone Soup version 0.31-a0-233-g139696dc86 (webtiles) character file.

Game seed: 5591836034481359905

81 qw the Shooter (level 4, 0/26 HPs)
             Began as a Gargoyle Hexslinger on July 7, 2023.
             Slain by Jessica
             ... wielding a +0 dagger
              (2 damage)
             ... on level 3 of the Dungeon.
             The game lasted 00:00:47 (1355 turns).

qw the Shooter (Gargoyle Hexslinger)                Turns: 1355, Time: 00:00:48

Health: 0/26       AC:  9    Str: 11    XL:     4   Next: 42%
Magic:  5/5        EV: 10    Int: 14    God:
Gold:   93         SH:  0    Dex: 14    Spells: 4/5 levels left

rFire   . . .        Y - +1 sling
rCold   . . .        (no shield)
rNeg    + . .        b - +0 ring mail
rPois   inf          (no helmet)
rElec   +            (no cloak)
rCorr   .            (no gloves)
SInv    .            f - +0 pair of boots
Will    .....        (no amulet)
Stlth   +            (no ring)
HPRegen 0.24/turn    (no ring)
MPRegen 0.09/turn

%: no passive effects
@: no status effects
A: sickness immunity, AC +3, negative energy resistance 1, electricity
resistance, torment resistance 1, petrification resistance
a: no special abilities


You were on level 3 of the Dungeon.
You visited 1 branch of the dungeon, and saw 3 of its levels.

You collected 93 gold pieces.


Innate Abilities, Weirdness & Mutations

You are immune to sickness and miasma.
Your stone body is resilient. (AC +3)
You are immune to poison.
You resist negative energy. (rN+)
You are resistant to electric shocks. (rElec)
You are resistant to unholy torment.
You are immune to petrification.


   Skills:
 - Level 2.0 Fighting
 - Level 4.2 Ranged Weapons
 + Level 0.0 Armour
 - Level 1.5 Dodging
 - Level 1.0 Spellcasting
 - Level 2.6 Hexes


You had 4 spell levels left.
You knew the following spells:

 Your Spells              Type           Power      Damage    Failure   Level
a - Slow                  Hex            32%        N/A       22%         1

Your spell library contained the following spells:

 Spells                   Type           Power      Damage    Failure   Level
 Inner Flame              Hex/Fire       4%         N/A       73%         3
 Portal Projectile        Hex/Tloc       8%         N/A       73%         3
 Cause Fear               Hex            4%         N/A       91%         4

Inventory:

Hand Weapons
 Y - a +1 sling (weapon)
Armour
 b - a +0 ring mail (worn)
 f - a +0 pair of boots (worn)
Potions
 e - a potion of heal wounds {unknown}
 g - a potion of enlightenment {unknown}
 h - a potion of haste {unknown}
 i - a potion of ambrosia {unknown}
 j - a potion of curing

Dungeon Overview and Level Annotations

Branches:
Dungeon (3/15)

Altars:
Xom

Annotations:
D:3 Jessica


Message History

The quokka bites you but does no damage.
You shoot a sling bullet. The sling bullet hits the iguana!
The iguana is severely wounded.
Jessica mumbles some strange words.
Jessica blinks!
The quokka closely misses you. The iguana barely misses you.
You shoot a sling bullet. The sling bullet hits the iguana.
The iguana is almost dead.
The quokka misses you.
Jessica casts a spell.
Jessica blinks!
The iguana bites you. The quokka closely misses you.
You shoot a sling bullet. The sling bullet hits the iguana.
The iguana is almost dead.
You feel your willpower return.
The iguana bites you but does no damage.
Jessica casts a spell at you. Pain shoots through your body!
The quokka bites you.
Jessica grins evilly.
The iguana bites you.
You shoot a sling bullet.
The sling bullet barely misses the iguana.
The quokka barely misses you. The iguana closely misses you.
The quokka bites you.
You shoot a sling bullet. The sling bullet hits the iguana.
The iguana is almost dead.
The quokka barely misses you.
The iguana bites you but does no damage.
Jessica barely misses you. The quokka bites you.
You shoot a sling bullet.
The sling bullet barely misses the iguana.
The iguana bites you but does no damage.
Jessica barely misses you.
The quokka bites you but does no damage.
The iguana barely misses you.
Jessica points at you and mumbles some strange words.
Pain shoots through your body!
You shoot a sling bullet.
The sling bullet hits the iguana but does no damage.
The iguana is almost dead.
Jessica hits you with a +0 dagger.
You die...

####### .......
.......######..
..............#
.......<.##
......(...####
.......).....#####.#
...........@.l......
########.[..@rS.....
##.####$#.... #.. ..
. .... ... #.... ...
#.... .. #.. .


You could see an iguana, an adder, Jessica (fast) and a quokka.

Vanquished Creatures
  A gnoll (D:1)
  A worm (D:2)
  3 dart slugs (D:1)
  6 ball pythons
  4 bats
  8 endoplasms
  A giant cockroach (D:1)
  4 goblins (D:1)
  9 hobgoblins
  4 jackals (D:1)
  2 kobolds (D:1)
  3 quokkas
  3 frilled lizards
  3 rats
52 creatures vanquished.

Notes
Turn   | Place    | Note
-------+----------+-------------------------------------------
     0 | D:1      | qw the Gargoyle Hexslinger began the quest for the Orb.
     0 | D:1      | Reached XP level 1. HP: 12/12 MP: 2/2
     0 | D:1      | 0 ||| qw: Version: 0.3-a-46-gb1f654a
     0 | D:1      | 0 ||| qw: Game counter: 3264
     0 | D:1      | 0 ||| qw: Melee chars always use a shield: true
     0 | D:1      | 0 ||| qw: God list: Okawaru
     0 | D:1      | 0 ||| qw: Allow faded altars: false
     0 | D:1      | 0 ||| qw: Do Orc after clearing Dungeon:15 true
     0 | D:1      | 0 ||| qw: Do second Lair branch before Depths: true
     0 | D:1      | 0 ||| qw: Lair rune preference: random
     0 | D:1      | 0 ||| qw: Goals: Normal
     0 | D:1      | 0 ||| PLANNING D:1-11
    71 | D:1      | Reached XP level 2. HP: 13/16 MP: 3/3
    94 | D:1      | Reached skill level 3 in Ranged Weapons
   100 | D:1      | 100 ||| FLEEEEING.
   101 | D:1      | 101 ||| FLEEEEING.
   102 | D:1      | 102 ||| FLEEEEING.
   103 | D:1      | 103 ||| FLEEEEING.
   104 | D:1      | 104 ||| FLEEEEING.
   105 | D:1      | 105 ||| FLEEEEING.
   106 | D:1      | 106 ||| FLEEEEING.
   107 | D:1      | 107 ||| FLEEEEING.
   108 | D:1      | 108 ||| FLEEEEING.
   109 | D:1      | 109 ||| FLEEEEING.
   110 | D:1      | 110 ||| FLEEEEING.
   111 | D:1      | 111 ||| FLEEEEING.
   112 | D:1      | 112 ||| FLEEEEING.
   113 | D:1      | 113 ||| FLEEEEING.
   114 | D:1      | 114 ||| FLEEEEING.
   115 | D:1      | 115 ||| FLEEEEING.
   116 | D:1      | 116 ||| FLEEEEING.
   117 | D:1      | 117 ||| FLEEEEING.
   174 | D:1      | Found a faded altar of an unknown god.
   213 | D:1      | Reached XP level 3. HP: 7/21 MP: 4/4
   814 | D:1      | Found a shimmering altar of Xom.
   817 | D:1      | 817 ||| UPGRADING to +0 pair of boots.
   822 | D:1      | 822 ||| READING scroll labelled ARE ELUOKK.
   823 | D:1      | 823 ||| READING scroll labelled TYRROU ZATUXUULL.
   824 | D:1      | 824 ||| DROPPING scroll of poison.
   842 | D:2      | 842 ||| STAIRDANCE
   848 | D:1      | Reached XP level 4. HP: 24/26 MP: 5/5
   903 | D:2      | Reached skill level 4 in Ranged Weapons
  1297 | D:2      | 1297 ||| UPGRADING to +0 ring mail.
  1307 | D:2      | 1307 ||| DROPPING +0 robe.
  1308 | D:2      | 1308 ||| READING scroll labelled SIRIPLOCAE.
  1311 | D:2      | 1311 ||| READING scroll labelled HAENYCA BETZIC.
  1312 | D:2      | 1312 ||| READING scroll labelled IQIDUBB TEBING.
  1313 | D:2      | 1313 ||| READING scroll labelled ZEXYSSOUHE.
  1314 | D:2      | 1314 ||| DRINKING 2 glowing silvery potions.
  1342 | D:3      | Noticed Jessica
  1354 | D:3      | HP: 2/26 [Jessica/nerve-wracking pain (6)]
  1355 | D:3      | Slain by Jessica

Levels and vault maps discovered:
D:1:      dpeg_arrival_water_altar, layout_loops_ring,
          ebering_ecumenical_altar_abandoned
D:2:      layout_rooms
D:3:      layout_rooms, uniq_jessica

Skill      XL: |  1  2  3  4 |
---------------+-------------+-----
Ranged Weapons | 3 4 |  4.2
Fighting       | 2 |  2.0
Dodging        | |  1.5
Spellcasting   | |  1.0
Hexes          | |  2.6

Action                     |  1- 3 |  4- 6 || total
---------------------------+-------+-------++-------
   Fire: Sling             |   110 |    87 ||   197
    Use: Scroll            |     2 |     4 ||     6
         Potion            |       |     1 ||     1
 Armour: Robe              |    27 |    13 ||    40
         Ring mail         |       |     8 ||     8
  Dodge: Dodged            |    53 |    33 ||    86

Table legend:
 A = Non-vault XP
 B = Vault XP
 C = Vault XP percentage of total XP
 D = Non-vault monster count
 E = Vault monster count
 F = Vault count percentage of total count
                 A         B        C        D         E       F
            +---------+---------+-------+---------+---------+-------
      Total |     117 |       0 |   0.0 |      52 |       0 |   0.0
            +---------+---------+-------+---------+---------+-------
        D:1 |      83 |       0 |   0.0 |      34 |       0 |   0.0
        D:2 |      34 |       0 |   0.0 |      18 |       0 |   0.0
            +---------+---------+-------+---------+---------+-------
